 Dungeon Crawl Stone Soup version 0.30-a0-964-gd452b5e7fa (webtiles) character file.

Game seed: 14438515632348097192

28 vishdafish the Conjurer (level 3, 24/24 HPs)
             Began as a Demonspawn Conjurer on Mar 31, 2023.
             Quit the game on level 2 of the Dungeon.
             The game lasted 00:00:16 (101 turns).

vishdafish the Conjurer (Demonspawn Conjurer)        Turns: 101, Time: 00:00:17

Health: 24/24      AC:  3    Str:  7    XL:     3   Next: 0%
Magic:  0/7        EV: 12    Int: 21    God:
Gold:   15         SH:  0    Dex: 11    Spells: 6/7 levels left

rFire   . . .      SeeInvis .    (no weapon)
rCold   . . .      Faith    .    (no shield)
rNeg    . . .      Spirit   .    a - +0 robe
rPois   .          Reflect  .    (no helmet)
rElec   .          Rampage  .    (no cloak)
rCorr   .                        (no gloves)
Will    .....                    (no boots)
Stlth   ++                       (no amulet)
HPRegen 0.24/turn                (no ring)
MPRegen 0.10/turn                (no ring)

@: no status effects
A: rugged brown scales 1, spiny 1
a: no special abilities


You were on level 2 of the Dungeon.
You visited 1 branch of the dungeon, and saw 2 of its levels.

You collected 15 gold pieces.

Inventory:

Armour
 a - a +0 robe (worn)
Scrolls
 b - a scroll of enchant armour {unknown}


   Skills:
 - Level 1.7 Dodging
 - Level 1.7 Stealth
 + Level 2.7 Spellcasting
 + Level 4.5 Conjurations


You had 6 spell levels left.
You knew the following spells:

 Your Spells              Type           Power      Damage    Failure   Level
a - Magic Dart            Conj           84%        1d7       2%          1

Your spell library contained the following spells:

 Spells                   Type           Power      Damage    Failure   Level
 Searing Ray              Conj           42%        2d6       3%          2
 Dazzling Flash           Conj/Hex       24%        N/A       16%         3
 Fulminant Prism          Conj/Hex       6%         3d7       47%         4
 Iskenderun's Mystic Bla  Conj/Tloc      12%        2d5       47%         4


Dungeon Overview and Level Annotations

Branches:
Dungeon (1/15)

Altars:


Innate Abilities, Weirdness & Mutations

You are partially covered in rugged brown scales. (AC +1, +3% HP)
You are partially covered in sharp spines.


Message History

You are out of magic!
You hit Jessica.
You kill Jessica!
You have reached level 2!
Your demonic ancestry asserts itself...
Rugged brown scales grow over part of your body.
Things that are here:
a +0 club; a +0 robe You feel yourself speed up.
HP restored.
Magic restored.
b - a scroll labelled PYSTE POEW You now have 6 gold pieces.
You now have 15 gold pieces (gained 9).
Found a ring mail.
A jackal comes into view.
Found a stone staircase leading up.
A jackal is nearby!
The magic dart hits the jackal.
The jackal is almost dead.
The jackal barks!
The magic dart hits the jackal.
You kill the jackal!
A jackal comes into view.
A hobgoblin comes into view.
The magic dart hits the jackal.
The jackal is heavily wounded.
The jackal barks!
The hobgoblin shouts!
The magic dart hits the jackal.
The jackal is almost dead.
A giant cockroach comes into view.
The giant cockroach moves out of view.
The magic dart hits the jackal.
You kill the jackal!
You have reached level 3!
Your experience leads to an increase in your attributes!
Increase (S)trength, (I)ntelligence, or (D)exterity?
You feel clever. x2; Your demonic ancestry asserts itself...
Sharp spines emerge from parts of your body.
You are out of magic!
Are you sure you want to abandon this character and quit the game? (Confirm with "yes".)

#.# #.# .. #.#
######<# .
###.###......##.#
#........#....g†.
#........#.....[.
#.^......#.......
#........#....$..
#........@.......
+####................
.....................
##.........#.......
#.............####
#.....)..>#####
#####.....###
######.............
#.......###########


You could see a hobgoblin.

Vanquished Creatures
  Jessica (D:2)
  2 jackals (D:2)
3 creatures vanquished.

Notes
Turn   | Place    | Note
-------+----------+-------------------------------------------
     0 | D:1      | vishdafish the Demonspawn Conjurer began the quest for the
                  | Orb.
     0 | D:1      | Reached XP level 1. HP: 13/13 MP: 3/3
     9 | D:1      | You fall into a shaft and drop 1 floor!
    20 | D:2      | Noticed Jessica
    28 | D:2      | Killed Jessica
    29 | D:2      | Gained mutation: You are partially covered in rugged brown
                  | scales. (AC +1, +3% HP) [demonic ancestry]
    29 | D:2      | Reached XP level 2. HP: 13/19 MP: 0/5
   101 | D:2      | Gained mutation: You are partially covered in sharp spines.
                  | [demonic ancestry]
   101 | D:2      | Reached XP level 3. HP: 24/24 MP: 0/7
   101 | D:2      | Quit the game

Illustrated notes

Levels and vault maps discovered:
D:1:      amcnicky_arrival_abandoned_market, layout_rooms, roderic_lattice_a
D:2:      layout_rooms, st_stairs_2, kennysheep_generic_room_11, uniq_jessica

Action                     || total
---------------------------++-------
  Melee: Unarmed           ||     1
   Cast: Magic Dart        ||    11
    Use: Potion            ||     1

Table legend: (Time is in decaauts)
 A = Elapsed time spent in this place.
 B = Non-inter-level travel time spent in this place.
 C = Inter-level travel time spent in this place.
 D = Time resting spent in this place.
 E = Time spent auto-exploring this place.
 F = Levels seen in this place.
 G = Mean time per level.
                   A        B        C        D        E       F      G
               +--------+--------+--------+--------+--------+-----+--------+
         Total |    105 |    105 |      0 |      0 |     84 |   2 |   52.5 |
       Dungeon |    105 |    105 |      0 |      0 |     84 |   2 |   52.5 |
               +--------+--------+--------+--------+--------+-----+--------+

Top non-repeatable levels by time:
     D:2: 96 daAuts
     D:1: 9 daAuts
